 Dungeon Crawl Stone Soup version 0.31-a0-1522-g43313d8a59 (webtiles) character file.

Game seed: 17366666874524540597

39 demibob the Cudgeller (level 3, -1/29 HPs)
             Began as a Demonspawn Chaos Knight on Dec 30, 2023.
             Was a Plaything of Xom.
             Slain by a hobgoblin
             ... wielding a +0 quarterstaff
              (9 damage)
             ... on level 2 of the Dungeon.
             The game lasted 00:01:33 (916 turns).

demibob the Cudgeller (Demonspawn Chaos Knight)      Turns: 916, Time: 00:01:34

Health: -1/29      AC:  6    Str: 14    XL:     3   Next: 28%
Magic:  3/3        EV: 11    Int: 12    God:    Xom [..*...]
Gold:   74         SH:  0    Dex: 12    Spells: 2/2 levels left

rFire   . . .        a - +0 mace (chaos)
rCold   . . .        (no shield)
rNeg    . . .        b - +2 leather armour
rPois   .            (no helmet)
rElec   .            (no cloak)
rCorr   .            (no gloves)
SInv    .            g - +0 pair of boots
Will    .....        (no amulet)
Stlth   +            (no ring)
HPRegen 0.24/turn    (no ring)
MPRegen 0.08/turn

%: no passive effects
@: no status effects
A: claws 1
a: Renounce Religion


You were on level 2 of the Dungeon.
You worshipped Xom.
You were a toy of Xom.
You visited 1 branch of the dungeon, and saw 2 of its levels.

You collected 74 gold pieces.


Innate Abilities, Weirdness & Mutations

You have sharp fingernails.


   Skills:
 - Level 3.0 Fighting
 * Level 3.8 Maces & Flails
 + Level 0.7 Throwing
 - Level 1.7 Armour
 - Level 0.8 Dodging


You had 2 spell levels left.
You didn't know any spells.
Your spell library was empty.

Inventory:

Hand Weapons
 a - a +0 mace of chaos (weapon)
Missiles
 h - a throwing net {=f}
 j - 2 poisoned darts (quivered)
Armour
 b - a +2 leather armour (worn)
 g - a +0 pair of boots (worn)
Scrolls
 c - a scroll of butterflies
Potions
 d - a potion of heal wounds {unknown}
 e - a potion of attraction {unknown}
 i - a potion of brilliance

Dungeon Overview and Level Annotations

Branches:
Dungeon (2/15)

Altars:

..# #.# .. ..# #.# #.. .......
### #.# #.#. ....... #.# #.##.
....... #.# #.##. ...o...
#####.####.##.###........##
...........##..#..."......##.##
#####...#...##...g........#....
###.#...###.@............#
#.#.#..†........$.....####
#.#.#####.................
#...# #.#............... ##..#
#.#............... #..#
#..<.............. #...
#...................
#.##...................$.
##....................


You could see an orc and a hobgoblin.


Message History

You kill the frilled lizard!
The bat closely misses you.
You barely miss the bat. The bat hits you but does no damage.
You hit the bat.
You kill the bat!
The hobgoblin hits you with a +0 quarterstaff.
* * * LOW HITPOINT WARNING * * *
You are too injured to fight recklessly!
You are too injured to fight recklessly!
You are too injured to fight recklessly!
You are too injured to fight recklessly!
You are too injured to fight recklessly!
You are too injured to fight recklessly!
You are too injured to fight recklessly!
Unknown command.
You barely miss the hobgoblin. The hobgoblin closely misses you.
An orc comes into view. It is wielding a +0 hand axe.
You closely miss the hobgoblin.
The orc shouts!
The hobgoblin hits you with a +0 quarterstaff.
* * * LOW HITPOINT WARNING * * *
The hobgoblin barely misses you.
You closely miss the hobgoblin.
The hobgoblin hits you but does no damage.
You hit the hobgoblin.
The hobgoblin appears confused.
The hobgoblin is lightly wounded.
The hobgoblin seems less confused.
The hobgoblin hits you with a +0 quarterstaff!
You die... "Boring in life, boring in death..."

Skill      XL: |  1 |
---------------+----+-----
Maces & Flails | 3 |  3.8
Fighting       | |  3.0
Throwing       | |  0.7
Armour         | |  1.7
Dodging        | |  0.8

Action                     || total
---------------------------++-------
  Melee: Mace              ||   109
         Punch             ||     2
    Use: Scroll            ||     1
 Armour: Leather armour    ||    96
  Dodge: Dodged            ||   106

Levels and vault maps discovered:
D:1:      dpeg_arrival_stone_temple_mockup, layout_rooms
D:2:      layout_rooms, basic_altar

Notes
Turn   | Place    | Note
-------+----------+-------------------------------------------
     0 | D:1      | demibob the Demonspawn Chaos Knight began the quest for the
                  | Orb.
     0 | D:1      | Reached XP level 1. HP: 18/18 MP: 1/1
    77 | D:1      | Reached skill level 3 in Maces & Flails
   116 | D:1      | XOM: silly message
   161 | D:1      | XOM: potion effect (haste)
   164 | D:1      | Gained mutation: You have sharp fingernails. [demonic
                  | ancestry]
   164 | D:1      | Reached XP level 2. HP: 24/24 MP: 2/2
   269 | D:1      | XOM: silly message
   484 | D:1      | XOM: cloud trail
   803 | D:2      | XOM: 1-stop teleportation journey
   819 | D:1      | Reached XP level 3. HP: 22/29 MP: 3/3
   916 | D:2      | Slain by a hobgoblin

Vanquished Creatures
  3 dart slugs
  2 ball pythons
  5 endoplasms
  2 giant cockroaches
  A goblin (D:1)
  A hobgoblin (D:1)
  3 jackals (D:1)
  3 kobolds
  A quokka (D:2)
  7 bats
  2 frilled lizards
30 creatures vanquished.

Table legend: (Time is in decaauts)
 A = Elapsed time spent in this place.
 B = Non-inter-level travel time spent in this place.
 C = Inter-level travel time spent in this place.
 D = Time resting spent in this place.
 E = Time spent auto-exploring this place.
 F = Levels seen in this place.
 G = Mean time per level.
                   A        B        C        D        E       F      G
               +--------+--------+--------+--------+--------+-----+--------+
         Total |    922 |    830 |     92 |      0 |    589 |   2 |  461.0 |
       Dungeon |    922 |    830 |     92 |      0 |    589 |   2 |  461.0 |
               +--------+--------+--------+--------+--------+-----+--------+

Top non-repeatable levels by time:
     D:1: 764 daAuts
     D:2: 157 daAuts

Table legend:
 A = Non-vault XP
 B = Vault XP
 C = Vault XP percentage of total XP
 D = Non-vault monster count
 E = Vault monster count
 F = Vault count percentage of total count
                 A         B        C        D         E       F
            +---------+---------+-------+---------+---------+-------
      Total |      57 |       0 |   0.0 |      29 |       0 |   0.0
            +---------+---------+-------+---------+---------+-------
        D:1 |      36 |       0 |   0.0 |      19 |       0 |   0.0
        D:2 |      21 |       0 |   0.0 |      10 |       0 |   0.0
            +---------+---------+-------+---------+---------+-------
